 Dungeon Crawl Stone Soup version 0.22.1-1-ga44c0e56f4 (webtiles) character file.

710738 PikkenKukken the Phalangite (level 27, -37/207 HPs)
             Began as a Gnoll Gladiator on Sept 28, 2018.
             Was the Champion of Ashenzari.
             Killed from afar by an orb of fire (68 damage)
             ... with a bolt of fire
             ... on level 5 of the Realm of Zot on Sept 29, 2018.
             The game lasted 06:02:26 (81043 turns).

PikkenKukken the Phalangite (Gnoll Gladiator)      Turns: 81043, Time: 06:02:27

Health: -37/207    AC: 46    Str: 23    XL:     27
Magic:  45/46      EV: 31    Int: 28    God:    Ashenzari [******]
Gold:   2871       SH: 29    Dex: 19    Spells: 12/64 levels left

rFire    . . .     SeeInvis +   V - +9 demon trident (pain)
rCold    + . .     Gourm    .   y - +5 large shield "Ihaosh" {rElec rPois rC- Slay+5} (curse)
rNeg     + + .     Faith    .   G - +10 pearl dragon scales (curse)
rPois    +         Spirit   .   d - +2 hat {Int+3} (curse)
rElec    +         Reflect  .   n - +2 cloak {MR+}
rCorr    .         Harm     .   Q - +0 pair of gloves "Rafoetsamp" {Str+3} (curse)
MR       ++++.     Clarity  +   x - +2 pair of boots {Stlth+} (curse)
Stlth    +++++.....             I - amulet of regeneration (curse)
HPRegen  0.84/turn              p - ring "Vuliutt" {rElec rN+ MR+ Stlth-}
MPRegen  0.30/turn              u - ring of Rutetuab {*Drain rC++ EV+4 Int+7}

@: silence, studying Polearms
A: distributed training, fangs 1, rugged brown scales 1, slimy green scales 1,
thin metallic scales 1, berserk 1, frail 1, electricity resistance, strong nose
}: 3/15 runes: serpentine, barnacled, silver
a: Renounce Religion


You were on level 5 of the Realm of Zot.
You worshipped Ashenzari.
Ashenzari was exalted by your worship.
You were completely stuffed.

You visited 11 branches of the dungeon, and saw 53 of its levels.
You visited 1 ziggurat, and saw 2 of its levels.
You also visited: Trove and Volcano.

You collected 10188 gold pieces.
You spent 7317 gold pieces at shops.

Inventory:

Hand Weapons
 V - a +9 demon trident of pain (weapon)
Missiles
 b - 23 silver javelins (quivered)
Armour
 d - a cursed +2 hat of intelligence (worn)
 n - a +2 cloak of magic resistance (worn)
 x - a cursed +2 pair of boots of stealth (worn)
 y - the cursed +5 large shield "Ihaosh" (worn) {rElec rPois rC- Slay+5}
   (You took it off Louise on level 2 of the Elven Halls)

   It affects your accuracy and damage with ranged weapons and melee attacks
   (+5).
   It makes you vulnerable to cold.
   It insulates you from electricity.
   It protects you from poison.
   It has a curse placed upon it.
 G - cursed +10 pearl dragon scales (worn)
 Q - the cursed +0 pair of gloves "Rafoetsamp" (worn) {Str+3}
   (You found it on level 3 of the Elven Halls)

   It affects your strength (+3).
   It has a curse placed upon it.
Jewellery
 o - the ring of Daaxuze {rF++ rC- AC+5 Int+3 Dex+3}
   (You took it off a deep elf sorcerer on level 3 of the Elven Halls)

   [ring of protection]

   It affects your AC (+5).
   It affects your intelligence (+3).
   It affects your dexterity (+3).
   It greatly protects you from fire.
   It makes you vulnerable to cold.
 p - the ring "Vuliutt" (left hand) {rElec rN+ MR+ Stlth-}
   (You bought it in a shop on level 2 of the Orcish Mines)

   [ring of attention]

   It insulates you from electricity.
   It protects you from negative energy.
   It affects your resistance to hostile enchantments.
   It makes you less stealthy.
 u - the ring of Rutetuab (right hand) {*Drain rC++ EV+4 Int+7}
   (You took it off a deep elf mage on level 3 of the Elven Halls)

   [ring of evasion]

   It affects your evasion (+4).
   It affects your intelligence (+7).
   It greatly protects you from cold.
   It causes draining when unequipped.
 I - a cursed amulet of regeneration (around neck)
 J - an uncursed ring of protection from fire
Wands
 m - a wand of flame (32)
 v - a wand of digging (51)
 z - a wand of paralysis (62)
 N - a wand of clouds (6)
 W - a wand of iceblast (45)
Scrolls
 c - 5 scrolls of enchant weapon
 k - 18 scrolls of teleportation
 q - 4 scrolls of magic mapping
 t - 4 scrolls of blinking
 w - 3 scrolls of silence
 C - 14 scrolls of remove curse
 E - 32 scrolls of identify
 F - 6 scrolls of vulnerability
 K - 7 scrolls of fog
 O - 2 scrolls of enchant armour
 R - 11 scrolls of fear
 X - 5 scrolls of amnesia
Potions
 a - 3 potions of resistance
 e - 6 potions of ambrosia
 h - 6 potions of heal wounds
 i - 3 potions of might
 j - 5 potions of agility
 l - 12 potions of haste
 r - 27 potions of curing
 s - 6 potions of berserk rage
 A - 8 potions of brilliance
 B - 4 potions of mutation
 L - 3 potions of flight
 P - 3 potions of magic
 U - 2 potions of invisibility
Books
 Y - a manual of Polearms
Comestibles
 f - 54 rations


   Skills:
 + Level 19.6 Fighting
 + Level 19.3 Short Blades
 + Level 19.3 Long Blades
 + Level 19.3 Axes
 + Level 19.3 Maces & Flails
 + Level 23.5 Polearms
 + Level 19.3 Staves
 + Level 19.3 Slings
 + Level 19.3 Bows
 + Level 19.3 Crossbows
 + Level 19.6 Throwing
 + Level 19.3(21.5) Armour
 + Level 20.0(22.2) Dodging
 + Level 19.3 Stealth
 + Level 19.3(21.5) Shields
 + Level 19.3 Unarmed Combat
 + Level 19.3 Spellcasting
 + Level 16.6 Conjurations
 + Level 16.6 Hexes
 + Level 16.6 Charms
 + Level 16.6 Summonings
 + Level 16.6 Necromancy
 + Level 16.6 Translocations
 + Level 16.6 Transmutations
 + Level 16.6 Fire Magic
 + Level 16.6 Ice Magic
 + Level 16.6 Air Magic
 + Level 16.6 Earth Magic
 + Level 16.6 Poison Magic
 + Level 20.7 Invocations
 + Level 19.3 Evocations


You had 12 spell levels left.
You knew the following spells:

 Your Spells              Type           Power        Failure   Level  Hunger
a - Apportation           Tloc           ######       0%          1    None
b - Regeneration          Chrm/Necr      #######...   0%          3    None
c - Blink                 Tloc           N/A          0%          2    None
d - Mephitic Cloud        Conj/Pois/Air  #######.     0%          3    None
e - Fireball              Conj/Fire      #######...   1%          5    None
f - Iron Shot             Conj/Erth      #######...   1%          6    #......
g - Statue Form           Tmut/Erth      #######..    1%          6    #......
h - Borgnjor's Vile Clut  Necr/Erth      #######...   1%          5    None
i - Deflect Missiles      Chrm/Air       #######...   1%          6    #......
j - Shadow Creatures      Summ           N/A          1%          6    #......
k - Animate Dead          Necr           N/A          1%          4    None
l - Silence               Hex/Air        #######...   1%          5    None

Your spell library contained the following spells:

 Spells                   Type           Power        Failure   Level  Hunger
 Animate Skeleton         Necr           N/A          0%          1    None
 Confusing Touch          Hex            ######       0%          1    None
 Flame Tongue             Conj/Fire      #####        0%          1    None
 Infusion                 Chrm           ####         0%          1    None
 Magic Dart               Conj           ####         0%          1    None
 Pain                     Necr           ####         0%          1    None
 Sandblast                Erth           ######       0%          1    None
 Shock                    Conj/Air       ####         0%          1    None
 Sting                    Conj/Pois      ####         0%          1    None
 Summon Small Mammal      Summ           ####         0%          1    None
 Call Imp                 Summ           #######.     0%          2    None
 Ensorcelled Hibernation  Hex/Ice        ######       0%          2    None
 Passwall                 Tmut/Erth      #######.     0%          2    None
 Searing Ray              Conj           ######       0%          2    None
 Shroud of Golubria       Chrm/Tloc      #######...   0%          2    None
 Slow                     Hex            #######.     0%          2    None
 Song of Slaying          Chrm           #######.     0%          2    None
 Sublimation of Blood     Necr           #######...   0%          2    None
 Swiftness                Chrm/Air       #######.     0%          2    None
 Throw Flame              Conj/Fire      ######       0%          2    None
 Call Canine Familiar     Summ           #######.     0%          3    None
 Confuse                  Hex            #######.     0%          3    None
 Conjure Flame            Conj/Fire      #######.     0%          3    None
 Dazzling Spray           Conj/Hex       ######       0%          3    None
 Gell's Gravitas          Tloc           #######...   0%          3    None
 Ignite Poison            Fire/Tmut/Pois #######.     0%          3    None
 Inner Flame              Hex/Fire       #######.     0%          3    None
 Portal Projectile        Hex/Tloc       ######       0%          3    None
 Spectral Weapon          Hex/Chrm       #######.     0%          3    None
 Static Discharge         Conj/Air       #######.     0%          3    None
 Stone Arrow              Conj/Erth      ######       0%          3    None
 Summon Guardian Golem    Hex/Summ       #######.     0%          3    None
 Vampiric Draining        Necr           #######...   0%          3    None
 Airstrike                Air            #######...   1%          4    None
 Cause Fear               Hex            #######...   1%          4    None
 Force Lance              Conj/Tloc      #######.     1%          4    None
 Fulminant Prism          Conj/Hex       #######...   1%          4    None
 Iskenderun's Mystic Bla  Conj           #######.     1%          4    None
 Leda's Liquefaction      Hex/Erth       #######...   1%          4    None
 Petrify                  Tmut/Erth      #######.     1%          4    None
 Sticky Flame             Conj/Fire      #######.     1%          4    None
 Summon Ice Beast         Ice/Summ       #######.     1%          4    None
 Summon Lightning Spire   Summ/Air       #######.     1%          4    None
 Alistair's Intoxication  Tmut/Pois      #######.     1%          5    None
 Bolt of Magma            Conj/Fire/Erth #######...   1%          5    None
 Irradiate                Conj/Tmut      #######...   1%          5    None
 Lee's Rapid Deconstruct  Erth           #######...   1%          5    None
 Lightning Bolt           Conj/Air       #######...   1%          5    None
 Metabolic Englaciation   Hex/Ice        #######...   1%          5    None
 Yara's Violent Unravell  Hex/Tmut       #######...   1%          5    None
 Bolt of Fire             Conj/Fire      #######...   1%          6    #......
 Darkness                 Hex            #######...   1%          6    #......
 Dispersal                Tloc           #######...   1%          6    #......
 Dragon Form              Tmut           #######...   4%          7    ####...
 Ring of Flames           Chrm/Fire      #######...   4%          7    ####...
 Summon Hydra             Summ           #######...   4%          7    ####...
 Controlled Blink         Tloc           N/A          30%         8    ######.
 Discord                  Hex            #######...   30%         8    ######.
 Disjunction              Tloc           #######...   30%         8    ######.
 Ignition                 Fire           #######...   30%         8    ######.
 Dragon's Call            Summ           #######...   99%         9    #######
 Shatter                  Erth           #######...   99%         9    #######
 Tornado                  Air            #######...   99%         9    #######


Dungeon Overview and Level Annotations

Branches:
Dungeon (15/15)            Temple (1/1) D:5            Lair (6/6) D:11
 Shoals (4/4) Lair:2        Snake (4/4) Lair:3        Slime (0/5) Lair:6
    Orc (2/2) D:9             Elf (3/3) Orc:2        Vaults (5/5) D:13
  Crypt (3/3) Vaults:2       Tomb (0/3) Crypt:3      Depths (5/5) D:15
    Zot (5/5) Depths:5

Altars:
Ashenzari
Cheibriados
Dithmenos
Elyvilon
Fedhas
Gozag
Hepliaklqana
Kikubaaqudgha
Makhleb
Nemelex Xobeh
Okawaru
Qazlal
Ru
Sif Muna
Trog
Uskayaw
Vehumet
Wu Jian
Xom
Yredelemnul
Zin
The Shining One
Beogh
Lugonu

Shops:
D:5 [   D:8 ?   D:9 [   Orc:1 (}!(   Orc:2 =:[?:   Elf:1 :   Elf:3 **:(
Shoals:1 *[%   Snake:1 ?*[   Snake:4 *[   Vaults:3 }   Vaults:4 %=:?[
Depths:1 [

Portals:
Hell: Depths:1 Depths:2 Depths:3 Depths:4 Depths:5
Abyss: D:15 Depths:1 Depths:4
Pandemonium: Depths:3 Depths:5

Annotations:
D:14 3 runed doors, Sogodoh's ghost, journeyman GrFi
Shoals:2 3 runed doors, exclusion: obsidian statue, Zinod's ghost, journeyman CeBe
Crypt:2 2 transporters
Depths:3 2 runed doors


Innate Abilities, Weirdness & Mutations

Your experience applies equally to all skills.
You have very sharp teeth.
Your uncanny sense of smell can sniff out nearby items.
You are partially covered in rugged brown scales. (AC +1, +3% HP)
You are partially covered in slimy green scales. (AC +2)
You are partially covered in thin metallic scales. (AC +2)
You tend to lose your temper in combat.
You are frail. (-10% HP)
You are resistant to electric shocks. (rElec)


Message History

The orb of fire emits a lurid red light.
The fireball explodes!
The fireball engulfs you!
* * * LOW HITPOINT WARNING * * *
You feel much better.
The orb of fire glows yellow.
You deflect the bolt of fire!
You feel less protected from missiles.
The orb of fire glows yellow.
The fireball explodes!
The fireball engulfs you!
* * * LOW HITPOINT WARNING * * *
The orb of fire glows deep purple.
The bolt of fire misses you.
You feel much better.
The Killer Klown blinks!
The orb of fire glows yellow.
The fireball explodes!
The fireball engulfs you!
* * * LOW HITPOINT WARNING * * *
You feel much better.
The orb of fire glows yellow.
The bolt of fire hits you!
You die...

,,,,,,,,,,** #...............*
∆,,,,,,,,,,** *#.............#*
,,,,,,,,,∆,,** #.............#
,,,..........# ##...........##
,,...........# #...........#
,,.....^.....# ##...........##
,,...........# #.............#
,,...^.......# ##.......^.....#*
,,...........###@.....^........**
,,....^..{..###...###########..,*
,,......p{.##....## *#.,,
,,X.......§.d*.### ***,
,,###▓▓▓▓#▓▓▓▓▓# **
,,,,∆,,,,,,**** *
,,{,,,,,,,,,,,*** ***
,,,,{,,,,,,,,,,,** **,,
,,,{,,,,,,,,,,,,,* ********* *,,,


You could see an orb of fire and a green draconian.

Vanquished Creatures
  A pandemonium lord (Zig:2)
  Khufu (Crypt:3)
  4 ancient liches
  Mara (Vaults:5)
  A juggernaut (Depths:3)
  Margery (Vaults:5)
  Vashnia (Snake:3)
  4 caustic shrikes (Depths:5)
  3 Killer Klowns
  Saint Roka (Snake:3)
  14 golden dragons
  Jory (Depths:5)
  A profane servitor (Crypt:3)
  A bone dragon (Crypt:3)
  2 electric golems (Zot:2)
  7 Orb Guardians (Zot:5)
  9 liches
  12 tentacled monstrosities
  7 titans
  Asterion (Snake:4)
  3 deep elf blademasters
  3 ancient champions
  10 quicksilver dragons
  8 sphinxes
  2 deep elf master archers (Elf:3)
  The ghost of SpeedDemon the Severer, an adept DgFi (Vaults:2)
  12 death cobs
  Roxanne (Shoals:1)
  15 shadow dragons
  Kirke (Snake:2)
  21 storm dragons
  13 tengu reavers
  Donald (Crypt:2)
  9 draconian monks
  7 nagarajas (Snake:4)
  19 frost giants
  A revenant (Crypt:3)
  Louise (Elf:2)
  8 deep elf sorcerers
  19 vault wardens
  15 fire giants
  A ghost moth (Zot:2)
  7 draconian knights
  An iron dragon (Vaults:5)
  A balrug (Depths:4)
  3 curse skulls
  44 very ugly things
  6 draconian stormcallers
  4 deep elf elementalists
  9 draconian scorchers
  3 spriggan defenders
  15 ironheart preservers
  4 ghouls
  2 war gargoyles (Vaults:5)
  3 draconian annihilators (Zot:1)
  29 stone giants
  3 draconian shifters
  11 vampire knights
  An entropy weaver (Vaults:4)
  11 deep elf demonologists
  11 green draconians
  Nessos (Lair:4)
  11 black draconians
  5 spark wasps
  9 purple draconians
  15 white draconians
  7 deep elf annihilators
  13 red draconians
  9 yellow draconians
  12 deep elf death magi
  7 merfolk javelineers
  3 eidola
  20 fire dragons
  10 merfolk impalers
  A crystal guardian (Vaults:2)
  2 mummy priests (Crypt:3)
  2 deep elf high priests
  10 jiangshi (Crypt:3)
  33 vault guards
  16 great orbs of eyes
  22 ettins
  4 rakshasas
  Erolcha (D:11)
  15 ogre magi
  12 yaktaur captains
  Harold (Lair:2)
  14 ice dragons
  6 spriggan air magi
  10 naga warriors
  19 anacondas
  8 hydras
  19 centaur warriors
  A two-headed ogre (shapeshifter) (Depths:3)
  2 merfolk aquamancers (Shoals:4)
  7 death knights
  34 two-headed ogres
  3 merfolk avatars
  22 dancing weapons
  Erica (Lair:1)
  6 satyrs
  A satyr (shapeshifter) (Depths:3)
  11 deep troll shamans
  13 tengu warriors
  4 small abominations
  7 vampire magi
  13 deep troll earth magi
  An orc high priest (Orc:1)
  2 soul eaters (Crypt:2)
  17 naga sharpshooters
  21 hell knights
  12 spriggan berserkers
  Sonja (Lair:5)
  2 sun demons (Depths:4)
  19 deep elf knights
  A fire crab (shapeshifter) (Vaults:3)
  35 skeletal warriors
  6 shock serpents
  A titan skeleton (Crypt:3)
  3 salamander mystics
  6 iron trolls
  3 shadow wraiths
  21 deep trolls
  An iron giant zombie (Crypt:2)
  A ghost moth zombie (Crypt:2)
  7 naga ritualists
  3 unseen horrors
  5 glowing orange brains
  10 wizards
  8 sea snakes
  2 shadow dragon zombies
  2 lindwurms (Lair:6)
  16 ironbrand convokers
  A swamp dragon (shapeshifter) (Depths:5)
  12 phantasmal warriors
  The ghost of Blejac999 the Carver, a novice HOFi (D:6)
  16 orc knights
  12 flayed ghosts
  A tengu zombie (Depths:2)
  12 necromancers
  18 deep elf archers
  An oklob plant (D:11)
  2 wolf spider zombies
  8 mana vipers
  18 harpies
  2 harpies (shapeshifter)
  A wolf spider (Vaults:4)
  60 ugly things
  17 salamanders
  68 deep elf magi
  11 cyclopes
  20 manticores
  17 moths of wrath
  16 fauns
  2 frost giant zombies
  A manticore (shapeshifter) (Depths:3)
  13 orc sorcerers
  5 centaur zombies
  Maurice (D:13)
  The ghost of Anatei the Shield-Bearer, a novice GrFi of Makhleb (D:6)
  A guardian serpent (shapeshifter) (Depths:3)
  An elephant (shapeshifter) (Vaults:3)
  7 guardian serpents
  35 black mambas
  7 water nymphs
  6 merfolk sirens
  5 toenail golems (Volcano)
  The ghost of Schimscham the Sneak, a novice VSEn of Makhleb (D:6)
  18 vault sentinels
  5 torpor snails (Lair:6)
  6 gargoyles
  13 naga magi
  13 spiny frogs
  2 spiny frogs (shapeshifter)
  A storm dragon simulacrum (Vaults:3)
  8 rime drakes
  The ghost of Azzok the Firebug, a novice DsFE (D:6)
  56 yaktaurs
  13 freezing wraiths
  A minotaur zombie (Crypt:1)
  An ancient zyme (D:11)
  5 komodo dragons
  A human skeleton (Vaults:5)
  6 tengu conjurers
  A yaktaur (shapeshifter) (Vaults:3)
  A yaktaur skeleton (Vaults:5)
  An ice devil (Depths:1)
  7 guardian mummies (Crypt:3)
  A jumping spider (Vaults:4)
  3 tyrant leeches (Lair:6)
  A wind drake (shapeshifter) (Depths:1)
  Grinder (D:3)
  31 merfolk
  8 trolls
  3 polar bears
  7 wind drakes
  A queen bee (shapeshifter) (Vaults:4)
  15 hornets
  49 slime creatures
  12 hippogriffs
  4 large abominations
  2 bog bodies (Crypt:2)
  4 dream sheep (Shoals:2)
  13 blink frogs
  A raiju (D:11)
  A spriggan zombie (Depths:2)
  A meliai zombie (Crypt:2)
  14 snapping turtles
  74 flying skulls
  A redback (Vaults:4)
  2 spriggans
  7 vampires (D:14)
  A ynoxinul (Zig:2)
  An air elemental (Elf:2)
  A spriggan (shapeshifter) (D:15)
  5 wraiths
  7 water elementals
  A human (shapeshifter) (Vaults:1)
  2 tarantellas (shapeshifter)
  3 wyverns
  7 shadows
  A basilisk (Lair:3)
  76 yaks
  2 fire elementals (Elf:2)
  A yak (shapeshifter) (Vaults:2)
  A fire bat (shapeshifter) (Vaults:5)
  3 hungry ghosts
  2 hogs (Snake:3)
  Menkaure (D:5)
  3 steam dragons (Lair:3)
  A merfolk zombie (Crypt:2)
  8 vampire mosquitoes
  12 wargs
  5 acid dragons
  A harpy simulacrum (Crypt:3)
  43 nagas
  15 water moccasins
  An infernal demonspawn zombie (Crypt:2)
  A snapping turtle zombie (Crypt:1)
  6 ice beasts
  A merfolk skeleton (Crypt:1)
  A monstrous demonspawn skeleton (Crypt:1)
  10 porcupines
  Duvessa (D:5)
  2 sky beasts
  55 orc warriors
  A black bear (D:9)
  An eye of draining (D:12)
  A lindwurm zombie (Crypt:2)
  4 necrophages (Crypt:3)
  An eye of draining (shapeshifter) (Vaults:1)
  15 wolves
  27 ogres
  A phantom (D:12)
  6 boggarts
  25 centaurs
  A centaur (shapeshifter) (Vaults:1)
  11 crocodiles
  Blork the orc (D:5)
  5 big kobolds
  A salamander zombie (Crypt:2)
  A wyvern zombie (D:12)
  A cyclops zombie (Crypt:1)
  A gnoll sergeant (D:10)
  An earth elemental (Elf:3)
  18 bullfrogs
  A salamander skeleton (Crypt:2)
  Dowan (D:5)
  A water moccasin skeleton (D:7)
  2 scorpions
  6 killer bees (D:11)
  6 wights
  4 electric eels
  3 howler monkeys
  A warg skeleton (Crypt:1)
  10 crimson imps
  3 bullfrog zombies
  7 human zombies (D:14)
  23 orc priests
  6 hounds
  22 jellies
  6 centaur skeletons
  2 bullfrog skeletons
  A gnoll shaman (D:7)
  Jessica (D:2)
  11 worker ants
  Natasha (thrice) (D:2)
  3 iguanas
  35 orc wizards
  A hell rat (D:14)
  A worker ant (shapeshifter) (Vaults:5)
  2 felid zombies
  A hound zombie (D:11)
  A human simulacrum (Crypt:3)
  3 hound skeletons
  3 worker ant zombies
  21 adders
  8 gnolls
  2 river rats (D:14)
  4 shadow imps
  An ooze (Lair:6)
  An adder zombie (D:10)
  2 adder skeletons
  2 worms
  2 dart slugs (D:2)
  3 leopard geckos
  94 orcs
  6 ball pythons
  6 giant cockroaches
  3 goblins (D:1)
  4 hobgoblins
  11 jackals
  22 kobolds
  6 quokkas
  23 bats
  6 frilled lizards
  A jackal skeleton (D:4)
  5 rats
  2 fungi (Orc:1)
  A plant (Lair:6)
2686 creatures vanquished.

Vanquished Creatures (collateral kills)
  An orb of fire (Zot:2)
  An electric golem (Zot:2)
  4 tentacled monstrosities
  A quicksilver dragon (Zot:4)
  A storm dragon (Zot:4)
  A shadow dragon (Vaults:5)
  A draconian monk (Zot:1)
  A deep elf sorcerer (Vaults:5)
  A frost giant (Vaults:5)
  A very ugly thing (Vaults:5)
  A ghoul (Crypt:2)
  4 black draconians
  A red draconian (Zot:2)
  2 yellow draconians
  A purple draconian (Zot:3)
  2 vault guards (Vaults:5)
  A shadow wraith (Crypt:3)
  A skeletal warrior (Crypt:2)
  2 moths of wrath (Zot:2)
  A yaktaur (Vaults:5)
  A freezing wraith (Crypt:3)
30 creatures vanquished.

Vanquished Creatures (others)
  An ancient lich (Vaults:5)
  A golden dragon (Zot:2)
  2 fire giants
  A deep elf demonologist (Elf:3)
  A purple draconian (Depths:5)
  A merfolk impaler (Shoals:4)
  2 deep elf knights (Elf:2)
  A naga sharpshooter (Snake:4)
  A merfolk (Shoals:2)
  2 humans (Snake:4)
  A basilisk (D:12)
  A naga (Snake:4)
  An orc warrior (Vaults:3)
  An orc (Vaults:3)
  A crawling corpse (Vaults:1)
  A fungus (Lair:3)
  22 plants
41 creatures vanquished.

Grand Total: 2757 creatures vanquished

Notes
Turn   | Place    | Note
-------+----------+-------------------------------------------
     0 | D:1      | PikkenKukken the Gnoll Gladiator began the quest for the
                  | Orb.
     0 | D:1      | Reached XP level 1. HP: 20/20 MP: 1/1
    80 | D:1      | Reached XP level 2. HP: 24/26 MP: 2/2
   492 | D:1      | Reached XP level 3. HP: 21/31 MP: 3/3
   715 | D:2      | Noticed Natasha
   727 | D:2      | Killed Natasha
   727 | D:2      | Reached skill level 1 in Invocations
   927 | D:2      | Reached skill level 1 in Short Blades
   927 | D:2      | Reached skill level 1 in Long Blades
   927 | D:2      | Reached skill level 1 in Axes
   927 | D:2      | Reached skill level 1 in Maces & Flails
   927 | D:2      | Reached skill level 1 in Staves
   927 | D:2      | Reached skill level 1 in Slings
   927 | D:2      | Reached skill level 1 in Bows
   927 | D:2      | Reached skill level 1 in Crossbows
   927 | D:2      | Reached skill level 1 in Armour
   927 | D:2      | Reached skill level 1 in Stealth
   927 | D:2      | Reached skill level 1 in Shields
   927 | D:2      | Reached skill level 1 in Unarmed Combat
   927 | D:2      | Reached skill level 1 in Spellcasting
   927 | D:2      | Reached skill level 1 in Evocations
   927 | D:2      | Reached XP level 4. HP: 35/38 MP: 5/5
  1182 | D:2      | Noticed Natasha
  1192 | D:2      | Killed Natasha
  1192 | D:2      | Reached skill level 1 in Conjurations
  1192 | D:2      | Reached skill level 1 in Hexes
  1192 | D:2      | Reached skill level 1 in Charms
  1192 | D:2      | Reached skill level 1 in Summonings
  1192 | D:2      | Reached skill level 1 in Necromancy
  1192 | D:2      | Reached skill level 1 in Translocations
  1192 | D:2      | Reached skill level 1 in Transmutations
  1192 | D:2      | Reached skill level 1 in Fire Magic
  1192 | D:2      | Reached skill level 1 in Ice Magic
  1192 | D:2      | Reached skill level 1 in Air Magic
  1192 | D:2      | Reached skill level 1 in Earth Magic
  1192 | D:2      | Reached skill level 1 in Poison Magic
  1315 | D:2      | Reached XP level 5. HP: 43/43 MP: 6/6
  1345 | D:2      | Noticed Natasha
  1368 | D:2      | Killed Natasha
  1524 | D:2      | Noticed Jessica
  1542 | D:2      | Killed Jessica
  2180 | D:3      | Reached XP level 6. HP: 39/50 MP: 8/8
  2313 | D:3      | Noticed Grinder
  2321 | D:3      | Paralysed by Grinder for 4 turns
  2332 | D:3      | Killed Grinder
  2332 | D:3      | Reached skill level 5 in Fighting
  2332 | D:3      | Reached skill level 5 in Throwing
  2332 | D:3      | Reached XP level 7. HP: 38/56 MP: 8/10
  2887 | D:4      | Found a burning altar of Makhleb.
  3038 | D:4      | Found a sparkling altar of Nemelex Xobeh.
  3089 | D:4      | Got a scorched ring mail
  3100 | D:4      | Identified the +5 ring mail "Fycorche" {rCorr Slay+2} (You
                  | found it on level 4 of the Dungeon)
  3491 | D:4      | Reached skill level 7 in Polearms
  3958 | D:5      | Entered Level 5 of the Dungeon
  4134 | D:5      | Found a staircase to the Ecumenical Temple.
  4145 | Temple   | Entered the Ecumenical Temple
  4236 | Temple   | Became a worshipper of Ashenzari the Shackled
  4331 | D:5      | Noticed a cyclops
  4408 | D:5      | Learned a level 1 spell: Apportation
  4452 | D:5      | Noticed Duvessa
  4458 | D:5      | Noticed Dowan
  4470 | D:5      | Noticed Menkaure
  4481 | D:5      | Killed Duvessa
  4481 | D:5      | Reached XP level 8. HP: 18/63 MP: 12/12
  4854 | D:5      | Found Oczo's Armour Shoppe.
  4857 | D:5      | Bought a +0 pair of boots of stealth for 138 gold pieces
  5017 | D:5      | Killed Dowan
  5063 | D:5      | Killed Menkaure
  5193 | D:5      | Noticed Blork the orc
  5205 | D:5      | Killed Blork the orc
  5264 | D:5      | Found a deep blue altar of Sif Muna.
  5267 | D:5      | Found a stormy altar of Qazlal.
  5270 | D:5      | Found a shadowy altar of Dithmenos.
  5647 | D:6      | Found a runed gate.
  5647 | D:6      | Found a runed gate.
  5648 | D:6      | Found a runed gate.
  5650 | D:6      | Noticed Schimscham's ghost (novice VSEn)
  5650 | D:6      | Noticed Blejac999's ghost (novice HOFi)
  5650 | D:6      | Noticed Anatei's ghost (novice GrFi)
  5653 | D:6      | Noticed Azzok's ghost (novice DsFE)
  5654 | D:6      | Identified the +2 ring mail "Louq" {-Tele rPois Slay+3}
  6015 | D:7      | Noticed a spriggan baker
  6028 | D:7      | Killed a spriggan baker
  6028 | D:7      | Reached XP level 9. HP: 64/69 MP: 14/14
  7055 | D:7      | Reached * piety under Ashenzari
  7604 | D:8      | Reached skill level 8 in Polearms
  7821 | D:8      | Reached skill level 5 in Invocations
  7838 | D:8      | Found Ozxaaqor's Magic Scroll Boutique.
  7841 | D:8      | Bought a scroll of identify for 28 gold pieces
  7841 | D:8      | Bought a scroll of remove curse for 42 gold pieces
  7841 | D:8      | Bought a scroll of remove curse for 42 gold pieces
  7841 | D:8      | Bought a scroll of remove curse for 42 gold pieces
  7841 | D:8      | Bought a scroll of identify for 28 gold pieces
  8145 | D:9      | Learned a level 3 spell: Conjure Flame
  8270 | D:9      | Reached XP level 10. HP: 77/77 MP: 11/17
  8500 | D:9      | Found a staircase to the Orcish Mines.
  8652 | D:9      | Found Nyxawk's Armour Boutique.
  8741 | D:9      | Reached ** piety under Ashenzari
  8880 | D:9      | Identified the cursed +1 robe of Autumn {*Drain rElec
                  | Regen+ Str+4}
  8989 | D:5      | Identified the cursed +1 robe of Autumn {*Drain rElec
                  | Regen+ Str+4}
  9121 | D:10     | Entered Level 10 of the Dungeon
  9223 | D:10     | Reached skill level 5 in Short Blades
  9223 | D:10     | Reached skill level 5 in Long Blades
  9223 | D:10     | Reached skill level 5 in Axes
  9223 | D:10     | Reached skill level 5 in Maces & Flails
  9223 | D:10     | Reached skill level 5 in Staves
  9223 | D:10     | Reached skill level 5 in Slings
  9223 | D:10     | Reached skill level 5 in Bows
  9223 | D:10     | Reached skill level 5 in Crossbows
  9223 | D:10     | Reached skill level 5 in Armour
  9223 | D:10     | Reached skill level 5 in Stealth
  9223 | D:10     | Reached skill level 5 in Shields
  9223 | D:10     | Reached skill level 5 in Unarmed Combat
  9223 | D:10     | Reached skill level 5 in Spellcasting
  9223 | D:10     | Reached skill level 5 in Evocations
  9399 | D:10     | Found a portal to a secret trove of treasure.
  9404 | Trove    | Entered a treasure trove
  9473 | Trove    | Got the shortbow "Jujaemm" {freeze, rC- Str+6}
  9514 | Trove    | Got the quarterstaff of Havoc {flame, Dex+2}
  9519 | Trove    | Identified the +5 quarterstaff of Havoc {flame, Dex+2} (You
                  | found it in a treasure trove)
  9520 | Trove    | Identified the +3 shortbow "Jujaemm" {freeze, rC- Str+6}
                  | (You found it in a treasure trove)
  9882 | D:11     | Noticed a two-headed ogre
  9890 | D:11     | Killed a two-headed ogre
  9972 | D:11     | Noticed an oklob plant
  9974 | D:11     | Found a staircase to the Lair.
  9978 | D:11     | Noticed a manticore
 10107 | D:11     | Killed a manticore
 10447 | D:11     | Noticed Erolcha
 10627 | D:11     | Found an opulent altar of Gozag.
 10676 | D:11     | Noticed a cyclops
 10684 | D:11     | Killed a cyclops
 10684 | D:11     | Reached XP level 11. HP: 84/84 MP: 13/19
 11105 | D:10     | Learned a level 2 spell: Blink
 11109 | D:10     | Learned a level 3 spell: Mephitic Cloud
 11217 | D:10     | Noticed a two-headed ogre
 11233 | D:10     | Killed a two-headed ogre
 11233 | D:10     | Reached skill level 9 in Polearms
 11233 | D:10     | Reached skill level 5 in Conjurations
 11233 | D:10     | Reached skill level 5 in Hexes
 11233 | D:10     | Reached skill level 5 in Charms
 11233 | D:10     | Reached skill level 5 in Summonings
 11233 | D:10     | Reached skill level 5 in Necromancy
 11233 | D:10     | Reached skill level 5 in Translocations
 11233 | D:10     | Reached skill level 5 in Transmutations
 11233 | D:10     | Reached skill level 5 in Fire Magic
 11233 | D:10     | Reached skill level 5 in Ice Magic
 11233 | D:10     | Reached skill level 5 in Air Magic
 11233 | D:10     | Reached skill level 5 in Earth Magic
 11233 | D:10     | Reached skill level 5 in Poison Magic
 11843 | D:11     | Noticed a purple ugly thing
 11843 | D:11     | Noticed a white ugly thing
 11884 | D:11     | Found a transporter.
 12268 | D:11     | Noticed a brown ugly thing
 12290 | D:11     | Killed Erolcha
 12733 | D:11     | Killed an oklob plant
 12856 | D:11     | Got the mace "Cuel" {antimagic, Str+2}
 12861 | Lair:1   | Entered Level 1 of the Lair of Beasts
 12993 | Lair:1   | Reached XP level 12. HP: 94/94 MP: 22/22
 13047 | Lair:1   | Reached XP level 13. HP: 98/99 MP: 24/24
 13076 | Lair:1   | Noticed Erica
 13102 | Lair:1   | Killed Erica
 13137 | Lair:1   | Reached skill level 10 in Polearms
 13137 | Lair:1   | Reached skill level 10 in Dodging
 13741 | Lair:2   | Found a dark tunnel.
 13753 | Volcano  | Entered a volcano
 13756 | Volcano  | Paralysed by a wizard for 3 turns
 14361 | Lair:2   | Noticed Harold
 14374 | Lair:2   | Killed Harold
 14660 | Lair:2   | Identified the cursed +1 chain mail of the Harp {Regen+
                  | Str+5}
 14749 | Lair:2   | Found a deep blue altar of Sif Muna.
 15185 | Lair:2   | Found a staircase to the Shoals.
 15523 | Lair:3   | Gained mutation: You are weak. (Str -2) [potion of
                  | mutation]
 15523 | Lair:3   | Gained mutation: You are partially covered in rugged brown
                  | scales. (AC +1, +3% HP) [potion of mutation]
 15524 | Lair:3   | Lost mutation: You are weak. (Str -2) [potion of mutation]
 15524 | Lair:3   | Gained mutation: Your spells are a little easier to cast,
                  | but a little less powerful. [potion of mutation]
 15524 | Lair:3   | Gained mutation: Your spells are easier to cast, but less
                  | powerful. [potion of mutation]
 15524 | Lair:3   | Lost mutation: Your spells are easier to cast, but less
                  | powerful. [potion of mutation]
 15524 | Lair:3   | Gained mutation: You are partially covered in slimy green
                  | scales. (AC +2) [potion of mutation]
 15683 | Lair:3   | Found a staircase to the Snake Pit.
 16059 | Lair:3   | Reached XP level 14. HP: 98/111 MP: 20/26
 16765 | Lair:4   | Noticed Nessos
 16778 | Lair:4   | Killed Nessos
 17226 | Lair:4   | Reached skill level 10 in Fighting
 17226 | Lair:4   | Reached skill level 10 in Throwing
 17458 | Lair:5   | Reached *** piety under Ashenzari
 17606 | Lair:5   | Noticed Sonja
 17801 | Lair:4   | Reached skill level 11 in Polearms
 17945 | Lair:5   | Killed Sonja
 18774 | Orc:1    | Entered Level 1 of the Orcish Mines
 18916 | Orc:1    | Found Daizujil's Antique Weapon Emporium.
 18931 | Orc:1    | Found Bomulot's Gadget Shop.
 18945 | Orc:1    | Found Wud Goh's Distillery.
 18952 | Orc:1    | Bought a potion of might for 52 gold pieces
 19118 | Orc:1    | Gained mutation: You occasionally shout uncontrollably at
                  | your foes. [a neqoxec]
 19206 | D:9      | Lost mutation: You occasionally shout uncontrollably at
                  | your foes. [potion of mutation]
 19206 | D:9      | Lost mutation: Your spells are a little easier to cast, but
                  | a little less powerful. [potion of mutation]
 19206 | D:9      | Gained mutation: You are partially covered in thin metallic
                  | scales. (AC +2) [potion of mutation]
 19206 | D:9      | Gained mutation: You have an increased reservoir of magic.
                  | (+10% MP) [potion of mutation]
 19206 | D:9      | Gained mutation: You are resistant to electric shocks.
                  | (rElec) [potion of mutation]
 19468 | Orc:1    | Reached skill level 10 in Invocations
 19864 | Orc:1    | Found Ynoej's Weapon Boutique.
 19927 | Orc:1    | Found a roughly hewn altar of Beogh.
 20278 | Lair:6   | Entered Level 6 of the Lair of Beasts
 20609 | Lair:6   | Found a staircase to the Slime Pits.
 21041 | Lair:6   | Reached **** piety under Ashenzari
 21076 | Lair:6   | Reached XP level 15. HP: 120/120 MP: 31/31
 21403 | Lair:6   | Found a runed door.
 21881 | Lair:6   | Paralysed by a hornet for 3 turns
 22544 | Orc:2    | Entered Level 2 of the Orcish Mines
 22867 | Orc:2    | Found a staircase to the Elven Halls.
 23151 | Orc:2    | Learned a level 5 spell: Fireball
 23312 | Orc:2    | Found Pun Bops's Jewellery Emporium.
 23332 | Orc:2    | Bought an uncursed ring of poison resistance for 260 gold
                  | pieces
 23332 | Orc:2    | Bought the ring "Vuliutt" {rElec rN+ MR+ Stlth-} for 406
                  | gold pieces
 23464 | Orc:2    | Found Arabovov's Book Boutique.
 23626 | Orc:2    | Found a radiant altar of Vehumet.
 23937 | Orc:2    | Found an ancient bone altar of Kikubaaqudgha.
 24186 | Orc:2    | Found a roughly hewn altar of Beogh.
 24186 | Orc:2    | Found Asecs's Magic Scroll Shop.
 24190 | Orc:2    | Found Wostenydd's Book Boutique.
 24205 | Orc:2    | Found Kumam's Antique Armour Boutique.
 24527 | D:11     | Found a corrupted altar of Lugonu.
 24606 | D:12     | Found a hazy altar of Hepliaklqana.
 24659 | D:12     | Found a shadowy altar of Dithmenos.
 25009 | D:12     | Reached skill level 10 in Short Blades
 25009 | D:12     | Reached skill level 10 in Long Blades
 25009 | D:12     | Reached skill level 10 in Axes
 25009 | D:12     | Reached skill level 10 in Maces & Flails
 25009 | D:12     | Reached skill level 10 in Staves
 25009 | D:12     | Reached skill level 10 in Slings
 25009 | D:12     | Reached skill level 10 in Bows
 25009 | D:12     | Reached skill level 10 in Crossbows
 25009 | D:12     | Reached skill level 10 in Armour
 25009 | D:12     | Reached skill level 10 in Stealth
 25009 | D:12     | Reached skill level 10 in Shields
 25009 | D:12     | Reached skill level 10 in Unarmed Combat
 25009 | D:12     | Reached skill level 10 in Spellcasting
 25009 | D:12     | Reached skill level 10 in Evocations
 25878 | D:12     | Identified the +4 ring mail of Unreason {Int+4 Dex+2 SInv}
                  | (You took it off an orc warrior on level 12 of the Dungeon)
 26031 | D:12     | Reached XP level 16. HP: 128/128 MP: 30/33
 26438 | D:13     | Noticed Maurice
 26442 | D:13     | Killed Maurice
 26495 | D:13     | Reached ***** piety under Ashenzari
 26522 | D:13     | Reached skill level 12 in Polearms
 26890 | D:13     | Found a gate to the Vaults.
 28083 | D:14     | Noticed Sogodoh's ghost (journeyman GrFi)
 28127 | D:14     | Found a runed gate.
 28127 | D:14     | Found a runed gate.
 28127 | D:14     | Found a runed gate.
 28283 | D:14     | Found a glowing golden altar of the Shining One.
 28606 | D:14     | Found an ancient bone altar of Kikubaaqudgha.
 28628 | D:14     | Paralysed by a vampire knight for 5 turns
 29082 | D:14     | Paralysed by a vampire knight for 4 turns
 29515 | D:15     | Entered Level 15 of the Dungeon
 29541 | D:15     | Found a shattered altar of Ashenzari.
 29933 | D:15     | HP: 4/129 [spriggan berserker/flail (27)]
 30686 | D:15     | Found the +8 Wrath of Trog {antimagic, *Rage}
 31107 | D:15     | Found a glowing silver altar of Zin.
 31344 | Shoals:1 | Entered Level 1 of the Shoals
 31491 | Lair:2   | HP: 4/129 [merfolk impaler/trident (10)]
 33907 | Shoals:1 | Reached XP level 17. HP: 118/136 MP: 31/35
 34063 | Shoals:1 | Noticed Roxanne
 34071 | Shoals:1 | Learned a level 5 spell: Lee's Rapid Deconstruction
 34072 | Shoals:1 | Found Witauly's Food Shop.
 34085 | Shoals:1 | Killed Roxanne
 34225 | Shoals:1 | Learned a level 6 spell: Iron Shot
 34232 | Shoals:1 | Learned a level 6 spell: Statue Form
 34339 | Shoals:1 | Found Ceuprawate's Armour Boutique.
 34345 | Shoals:1 | Found Puzur's General Store.
 34773 | Snake:1  | Entered Level 1 of the Snake Pit
 34930 | Snake:1  | Found Bom Hyhif's Magic Scroll Shop.
 34936 | Snake:1  | Found Ege Xed's General Store.
 35940 | Snake:1  | Found Igafaur's Armour Shoppe.
 37124 | Snake:2  | Reached ****** piety under Ashenzari
 37835 | Shoals:2 | Found a runed gate.
 37853 | Shoals:2 | Found an opulent altar of Gozag.
 37857 | Shoals:2 | Noticed Zinod's ghost (journeyman CeBe)
 37866 | Shoals:2 | Found a runed gate.
 38260 | Shoals:2 | Found a runed gate.
 38337 | Shoals:2 | Reached skill level 13 in Polearms
 39118 | Shoals:3 | Reached skill level 10 in Conjurations
 39118 | Shoals:3 | Reached skill level 10 in Hexes
 39118 | Shoals:3 | Reached skill level 10 in Charms
 39118 | Shoals:3 | Reached skill level 10 in Summonings
 39118 | Shoals:3 | Reached skill level 10 in Necromancy
 39118 | Shoals:3 | Reached skill level 10 in Translocations
 39118 | Shoals:3 | Reached skill level 10 in Transmutations
 39118 | Shoals:3 | Reached skill level 10 in Fire Magic
 39118 | Shoals:3 | Reached skill level 10 in Ice Magic
 39118 | Shoals:3 | Reached skill level 10 in Air Magic
 39118 | Shoals:3 | Reached skill level 10 in Earth Magic
 39118 | Shoals:3 | Reached skill level 10 in Poison Magic
 39118 | Shoals:3 | Reached XP level 18. HP: 145/145 MP: 32/37
 40080 | Snake:3  | Noticed Vashnia
 40232 | Snake:3  | Killed Vashnia
 40590 | Snake:3  | Found a deep blue altar of Sif Muna.
 40830 | Snake:3  | Found a sparkling altar of Nemelex Xobeh.
 41835 | Elf:1    | Entered Level 1 of the Elven Halls
 42391 | Elf:1    | Found Kaaletzo's Book Boutique.
 42867 | Elf:1    | Identified the Catalogue of Attacks and Companions
 43545 | Shoals:4 | Entered Level 4 of the Shoals
 44300 | Shoals:4 | Reached XP level 19. HP: 153/153 MP: 38/38
 44362 | Shoals:4 | Got a barnacled rune of Zot
 44432 | Shoals:4 | Identified the amulet of Ipe Tint {Harm *Drain Str+2 Int+2
                  | Slay+2}
 45585 | Snake:4  | Entered Level 4 of the Snake Pit
 45596 | Snake:4  | Found Dutoimum's Assorted Antiques.
 45638 | Snake:4  | Noticed Kirke
 45838 | Snake:2  | Killed Kirke
 45897 | Snake:4  | Noticed Asterion
 45909 | Snake:4  | Killed Asterion
 45917 | Snake:4  | Noticed Saint Roka
 46222 | Snake:3  | Killed Saint Roka
 46922 | Snake:4  | Found Uremurr's Armour Shoppe.
 47059 | Snake:4  | Learned a level 3 spell: Regeneration
 47125 | Snake:4  | Reached skill level 14 in Polearms
 47973 | Snake:4  | Got a serpentine rune of Zot
 48202 | Snake:4  | Reached XP level 20. HP: 123/161 MP: 38/40
 48563 | D:11     | Found a transporter.
 48732 | D:6      | Killed Anatei's ghost
 48739 | D:6      | Killed Blejac999's ghost
 48743 | D:6      | Killed Schimscham's ghost
 48747 | D:6      | Killed Azzok's ghost
 49526 | Elf:2    | Noticed Louise
 49540 | Elf:2    | Killed Louise
 49554 | Elf:2    | Got the uncursed large shield "Ihaosh" {rElec rPois rC-
                  | Slay+5}
 49560 | Elf:2    | Identified the +5 large shield "Ihaosh" {rElec rPois rC-
                  | Slay+5} (You took it off Louise on level 2 of the Elven
                  | Halls)
 49803 | Elf:2    | Found a runed gate.
 49808 | Elf:2    | Found a runed gate.
 49808 | Elf:2    | Found a runed gate.
 50194 | Vaults:1 | Entered Level 1 of the Vaults
 50482 | Vaults:1 | Identified a scroll of acquirement
 50685 | Orc:2    | Bought pearl dragon scales for 3400 gold pieces
 51259 | Snake:1  | Bought a scroll of enchant weapon for 127 gold pieces
 51947 | Elf:3    | Entered Level 3 of the Elven Halls
 52140 | Elf:3    | Found Juxtuqal's Assorted Antiques.
 52170 | Elf:3    | Identified the +6 scale mail "Vojolad" {Str-3 Int+8}
 52235 | Elf:3    | Found Visuthraff's Assorted Antiques.
 52285 | Elf:3    | Found Lolyss's Book Emporium.
 52417 | Elf:3    | Found Ilyrrunu's Antique Weapon Boutique.
 52538 | Elf:3    | Noticed a Tzitzimitl
 52911 | Elf:3    | Identified the +2 chain mail of Discretion {rN++} (You took
                  | it off a deep elf master archer on level 3 of the Elven
                  | Halls)
 53052 | Elf:3    | Reached XP level 21. HP: 167/169 MP: 42/42
 53296 | Elf:3    | Identified the ring of Rutetuab {*Drain rC++ EV+4 Int+7}
                  | (You took it off a deep elf mage on level 3 of the Elven
                  | Halls)
 54423 | Elf:3    | Identified the ring "Motuex" {rN+ MR- Str+8} (You took it
                  | off a deep elf annihilator on level 3 of the Elven Halls)
 54477 | Elf:3    | Identified the +1 troll leather armour of Negligence {rElec
                  | Regen+ Str+2 Int-3 Dex+3} (You took it off a deep elf
                  | sorcerer on level 3 of the Elven Halls)
 54510 | Elf:3    | Identified the Grimoire of the Rocks
 54513 | Elf:3    | Got the uncursed pair of gloves "Rafoetsamp" {Str+3}
 54519 | Elf:3    | Identified the +0 pair of gloves "Rafoetsamp" {Str+3} (You
                  | found it on level 3 of the Elven Halls)
 54587 | Elf:3    | Learned a level 5 spell: Borgnjor's Vile Clutch
 54726 | Elf:3    | Identified the ring of Daaxuze {rF++ rC- AC+5 Int+3 Dex+3}
                  | (You took it off a deep elf sorcerer on level 3 of the
                  | Elven Halls)
 55419 | Vaults:1 | Reached skill level 15 in Polearms
 55674 | Vaults:1 | Reached skill level 15 in Dodging
 55969 | Vaults:1 | Reached skill level 15 in Invocations
 56951 | Vaults:2 | Found a runed door.
 56953 | Vaults:2 | Found a shimmering altar of Xom.
 56953 | Vaults:2 | Noticed SpeedDemon's ghost (adept DgFi)
 57001 | Vaults:2 | Killed SpeedDemon's ghost
 57211 | Vaults:2 | Reached XP level 22. HP: 178/178 MP: 38/44
 57243 | Vaults:2 | Found a staircase to the Crypt.
 57756 | Vaults:3 | Paralysed by a sphinx for 2 turns
 58131 | Vaults:3 | Found Katzawic's Gadget Boutique.
 58486 | Vaults:3 | Reached skill level 16 in Polearms
 59076 | Vaults:4 | Reached skill level 15 in Fighting
 59076 | Vaults:4 | Reached skill level 15 in Throwing
 59222 | Vaults:4 | Found Roaliat's Armour Shoppe.
 59306 | Vaults:4 | Found Ewohef's Book Shop.
 59508 | Vaults:4 | Found Cuolua Qiane's Jewellery Emporium.
 59725 | Vaults:4 | Found Nisoig's Food Boutique.
 60071 | Vaults:4 | Found Feomeshru's Magic Scroll Emporium.
 60348 | Vaults:4 | Reached XP level 23. HP: 186/186 MP: 32/45
 60895 | D:15     | Found a staircase to the Depths.
 60919 | Depths:1 | Entered Level 1 of the Depths
 60919 | Depths:1 | Found a one-way gate to the infinite horrors of the Abyss.
 61214 | Depths:1 | Found a gateway to Hell.
 61263 | Depths:1 | Paralysed by a vampire knight for 4 turns
 61384 | Depths:1 | Reached skill level 17 in Polearms
 61415 | Depths:1 | Found Biub's Armour Emporium.
 61496 | Depths:1 | Found a gateway to a ziggurat.
 61751 | Depths:2 | Reached skill level 15 in Short Blades
 61751 | Depths:2 | Reached skill level 15 in Long Blades
 61751 | Depths:2 | Reached skill level 15 in Axes
 61751 | Depths:2 | Reached skill level 15 in Maces & Flails
 61751 | Depths:2 | Reached skill level 15 in Staves
 61751 | Depths:2 | Reached skill level 15 in Slings
 61751 | Depths:2 | Reached skill level 15 in Bows
 61751 | Depths:2 | Reached skill level 15 in Crossbows
 61751 | Depths:2 | Reached skill level 15 in Armour
 61751 | Depths:2 | Reached skill level 15 in Stealth
 61751 | Depths:2 | Reached skill level 15 in Shields
 61751 | Depths:2 | Reached skill level 15 in Unarmed Combat
 61751 | Depths:2 | Reached skill level 15 in Spellcasting
 61751 | Depths:2 | Reached skill level 15 in Evocations
 61777 | Depths:2 | Learned a level 6 spell: Deflect Missiles
 62001 | Depths:2 | Identified the +1 plate armour of Amorality {+Blink}
 62527 | Depths:2 | Reached XP level 24. HP: 195/195 MP: 21/46
 63147 | Depths:3 | Found a one-way gate leading to the halls of Pandemonium.
 63182 | Depths:3 | Identified the ring "Elejotze" {+Fly rF++ SInv}
 63317 | Depths:3 | Found a runed door.
 63319 | Depths:3 | Found a runed door.
 63321 | Depths:3 | Found a runed door.
 63493 | Depths:3 | Reached skill level 18 in Polearms
 63979 | Depths:3 | Paralysed by a great orb of eyes for 5 turns
 64127 | Depths:3 | Noticed a juggernaut
 64157 | Depths:3 | Killed a juggernaut
 64166 | Depths:3 | Reached XP level 25. HP: 185/202 MP: 30/47
 64568 | Depths:3 | Found a burning altar of Makhleb.
 65548 | Depths:4 | Reached skill level 19 in Polearms
 66324 | Depths:4 | Identified the cursed +1 chain mail of Watchfulness {Int+3
                  | SInv}
 66457 | Depths:5 | Entered Level 5 of the Depths
 66457 | Depths:5 | Noticed Jory
 66470 | Depths:5 | Reached XP level 26. HP: 213/213 MP: 25/47
 66484 | Depths:5 | Killed Jory
 67313 | Depths:5 | Found a gate to the Realm of Zot.
 67369 | Depths:5 | Reached skill level 20 in Polearms
 68158 | Crypt:1  | Entered Level 1 of the Crypt
 68630 | Crypt:1  | Learned a level 6 spell: Shadow Creatures
 68796 | Crypt:1  | Reached XP level 27. HP: 221/221 MP: 39/48
 69206 | Crypt:2  | Identified the ring "Idips" {rCorr Str+3 Slay+3}
 69206 | Crypt:2  | Found a transporter.
 69208 | Crypt:2  | Identified the amulet "Ixoytepn" {Inacc Str+4 Int+2}
 69337 | Crypt:2  | Noticed Donald
 69349 | Crypt:2  | Killed Donald
 69710 | Crypt:2  | Found a transporter.
 69834 | Crypt:3  | Entered Level 3 of the Crypt
 70137 | Crypt:3  | Found an ancient bone altar of Kikubaaqudgha.
 70648 | Crypt:3  | Noticed Khufu
 70746 | Crypt:3  | Killed Khufu
 70859 | Crypt:3  | Found a staircase to the Tomb.
 71041 | Crypt:3  | Found the +8 demon blade "Bloodbane" {slice, *Rage +Rage
                  | Stlth-}
 71144 | Crypt:3  | Reached skill level 15 in Conjurations
 71144 | Crypt:3  | Reached skill level 15 in Hexes
 71144 | Crypt:3  | Reached skill level 15 in Charms
 71144 | Crypt:3  | Reached skill level 15 in Summonings
 71144 | Crypt:3  | Reached skill level 15 in Necromancy
 71144 | Crypt:3  | Reached skill level 15 in Translocations
 71144 | Crypt:3  | Reached skill level 15 in Transmutations
 71144 | Crypt:3  | Reached skill level 15 in Fire Magic
 71144 | Crypt:3  | Reached skill level 15 in Ice Magic
 71144 | Crypt:3  | Reached skill level 15 in Air Magic
 71144 | Crypt:3  | Reached skill level 15 in Earth Magic
 71144 | Crypt:3  | Reached skill level 15 in Poison Magic
 71691 | Vaults:4 | Learned a level 4 spell: Animate Dead
 71692 | Vaults:5 | Entered Level 5 of the Vaults
 71695 | Vaults:5 | Noticed an ancient lich
 71701 | Vaults:5 | Noticed an ancient lich
 71718 | Vaults:5 | Killed an ancient lich
 71731 | Vaults:5 | Noticed an ancient lich
 71746 | Vaults:5 | Killed an ancient lich
 71762 | Vaults:5 | Reached skill level 21 in Polearms
 71777 | Vaults:5 | Noticed Mara
 71786 | Vaults:5 | Noticed PikkenKukken's illusion
 71800 | Vaults:5 | Killed Mara
 72331 | Vaults:5 | Killed an ancient lich
 72421 | Vaults:5 | Noticed Margery
 72429 | Vaults:5 | Killed Margery
 72647 | Vaults:5 | Identified the +6 scale mail "Heuloec" {Regen+ rCorr Str-2}
                  | (You took it off a vault warden on level 5 of the Vaults)
 72988 | Vaults:5 | Got a silver rune of Zot
 73868 | Zig:1    | Entered Level 1 of a ziggurat
 73868 | Zig:1    | Identified the +2 robe of Geamiopn {+Fly Int+3}
 73905 | Zig:2    | Entered Level 2 of a ziggurat
 73905 | Zig:2    | Noticed Tuuptargh the pandemonium lord
 73974 | Zig:2    | Killed Tuuptargh the pandemonium lord
 74201 | Zot:1    | Entered Level 1 of the Realm of Zot
 74676 | Elf:3    | Bought a scroll of silence for 232 gold pieces
 75086 | Zot:1    | Reached skill level 22 in Polearms
 76394 | Zot:2    | Noticed an orb of fire
 76420 | Zot:2    | Gained mutation: You are frail. (-10% HP) [an orb of fire]
 76436 | Zot:2    | Lost mutation: You have an increased reservoir of magic.
                  | (+10% MP) [an orb of fire]
 76438 | Zot:2    | Killed an orb of fire
 78436 | Elf:1    | Bought a book of the Dragon for 1260 gold pieces
 78436 | Elf:1    | Bought a book of the Warp for 1260 gold pieces
 78442 | Elf:1    | Learned a level 5 spell: Silence
 78870 | Zot:3    | Identified the cursed amulet of the Lotus Blossom {Faith
                  | rC+} (You acquired it on level 3 of the Realm of Zot)
 79312 | Zot:4    | Reached skill level 23 in Polearms
 80551 | Zot:5    | Entered Level 5 of the Realm of Zot
 80856 | Zot:5    | Noticed an ancient lich
 80868 | Zot:5    | Noticed an ancient lich
 80871 | Zot:5    | Killed an ancient lich
 80886 | Zot:5    | Killed an ancient lich
 81021 | Zot:5    | Noticed an orb of fire
 81028 | Zot:5    | Gained mutation: You tend to lose your temper in combat.
                  | [an orb of fire]
 81043 | Zot:5    | Killed from afar by an orb of fire

Skill      XL: |  1  2  3  4  5  6  7  8  9 10 11 12 13 14 15 16 17 18 19 20 21 22 23 24 25 26 27 |
---------------+----------------------------------------------------------------------------------+-----
Invocations    | 1 2 3 4 5 6 8 9 10 11 12 13 14 15 16 17 18 20 | 20.7
Short Blades   | 1 2 3 4 5 7 8 9 10 11 12 13 14 15 16 19 | 19.3
Long Blades    | 1 2 3 4 5 7 8 9 10 11 12 13 14 15 16 19 | 19.3
Axes           | 1 2 3 4 5 7 8 9 10 11 12 13 14 15 16 19 | 19.3
Maces & Flails | 1 2 3 4 5 7 8 9 10 11 12 13 14 15 16 19 | 19.3
Staves         | 1 2 3 4 5 7 8 9 10 11 12 13 14 15 16 19 | 19.3
Slings         | 1 2 3 4 5 7 8 9 10 11 12 13 14 15 16 19 | 19.3
Bows           | 1 2 3 4 5 7 8 9 10 11 12 13 14 15 16 19 | 19.3
Crossbows      | 1 2 3 4 5 7 8 9 10 11 12 13 14 15 16 19 | 19.3
Armour         | 1 2 3 4 5 7 8 9 10 11 12 13 14 15 16 19 | 19.3
Stealth        | 1 2 3 4 5 7 8 9 10 11 12 13 14 15 16 19 | 19.3
Shields        | 1 2 3 4 5 7 8 9 10 11 12 13 14 15 16 19 | 19.3
Unarmed Combat | 1 2 3 4 5 7 8 9 10 11 12 13 14 15 16 19 | 19.3
Spellcasting   | 1 2 3 4 5 7 8 9 10 11 12 13 14 15 16 19 | 19.3
Evocations     | 1 2 3 4 5 7 8 9 10 11 12 13 14 15 16 19 | 19.3
Conjurations   | 1 2 3 4 6 7 8 9 10 11 12 13 14 16 | 16.6
Hexes          | 1 2 3 4 6 7 8 9 10 11 12 13 14 16 | 16.6
Charms         | 1 2 3 4 6 7 8 9 10 11 12 13 14 16 | 16.6
Summonings     | 1 2 3 4 6 7 8 9 10 11 12 13 14 16 | 16.6
Necromancy     | 1 2 3 4 6 7 8 9 10 11 12 13 14 16 | 16.6
Translocations | 1 2 3 4 6 7 8 9 10 11 12 13 14 16 | 16.6
Transmutations | 1 2 3 4 6 7 8 9 10 11 12 13 14 16 | 16.6
Fire Magic     | 1 2 3 4 6 7 8 9 10 11 12 13 14 16 | 16.6
Ice Magic      | 1 2 3 4 6 7 8 9 10 11 12 13 14 16 | 16.6
Air Magic      | 1 2 3 4 6 7 8 9 10 11 12 13 14 16 | 16.6
Earth Magic    | 1 2 3 4 6 7 8 9 10 11 12 13 14 16 | 16.6
Poison Magic   | 1 2 3 4 6 7 8 9 10 11 12 13 14 16 | 16.6
Fighting       | 5 6 7 8 9 10 11 12 13 14 15 16 17 19 | 19.6
Throwing       | 5 6 7 8 9 10 11 12 13 14 15 16 17 19 | 19.6
Polearms       | 7 8 9 10 11 12 13 14 15 16 17 18 19 20 23 | 23.5
Dodging        | 7 8 9 10 11 12 13 14 15 16 17 20 | 20.0

Action                   |  1- 3 |  4- 6 |  7- 9 | 10-12 | 13-15 | 16-18 | 19-21 | 22-24 | 25-27 || total
-------------------------+-------+-------+-------+-------+-------+-------+-------+-------+-------++-------
Melee: Trident           |    69 |   168 |   130 |       |       |       |       |       |       ||   367
       Bite              |     4 |    18 |    36 |    29 |   120 |   131 |   201 |   212 |   467 ||  1218
       Punch             |       |       |     2 |       |       |    29 |    41 |       |       ||    72
       Whip              |       |       |   125 |     1 |       |       |       |       |       ||   126
       Quarterstaff      |       |       |       |   181 |   841 |   297 |       |       |       ||  1319
       Battleaxe         |       |       |       |       |       |    91 |       |       |       ||    91
       Unarmed           |       |       |       |       |       |   698 |   489 |       |       ||  1187
       Demon trident     |       |       |       |       |       |       |  1146 |  1362 |  3073 ||  5581
 Fire: Hunting sling     |       |       |   248 |    76 |       |       |       |       |       ||   324
       Shortbow          |       |       |       |   152 |  1121 |  1163 |   108 |       |       ||  2544
Throw: Throwing net      |       |       |       |       |     1 |     1 |       |       |       ||     2
       Javelin           |       |       |       |       |       |       |       |    33 |     1 ||    34
 Cast: Conjure Flame     |       |       |     3 |    27 |    11 |       |       |       |       ||    41
       Mephitic Cloud    |       |       |       |     6 |    72 |    62 |    11 |       |       ||   151
       Fireball          |       |       |       |       |    15 |    38 |     3 |       |       ||    56
       Blink             |       |       |       |       |     2 |    23 |     2 |       |     1 ||    28
       Statue Form       |       |       |       |       |       |    83 |    42 |       |     3 ||   128
       Iron Shot         |       |       |       |       |       |    10 |     5 |       |     2 ||    17
       Lee's Rapid Decon |       |       |       |       |       |     6 |       |       |       ||     6
       Regeneration      |       |       |       |       |       |       |    14 |     8 |    27 ||    49
       Borgnjor's Vile C |       |       |       |       |       |       |    26 |   133 |   243 ||   402
       Deflect Missiles  |       |       |       |       |       |       |       |     4 |    13 ||    17
       Shadow Creatures  |       |       |       |       |       |       |       |       |    12 ||    12
       Animate Dead      |       |       |       |       |       |       |       |       |    52 ||    52
       Silence           |       |       |       |       |       |       |       |       |     3 ||     3
Invok: Curse Item        |       |       |     2 |       |     2 |       |     2 |     1 |       ||     7
       Scrying           |       |       |       |       |       |     1 |     2 |     1 |       ||     4
Evoke: Wand              |       |       |       |    12 |       |    29 |    20 |       |     3 ||    64
  Use: Scroll            |     4 |     4 |    10 |     8 |     6 |     8 |    18 |     9 |    12 ||    79
       Potion            |       |       |       |     3 |    12 |     2 |     6 |     1 |    13 ||    37
 Stab: Sleeping          |     2 |     2 |     1 |     2 |     1 |     4 |    14 |    13 |    43 ||    82
       Confused          |       |       |       |     1 |    10 |     9 |     1 |       |     1 ||    22
       Distracted        |       |       |       |       |     1 |     2 |     5 |    10 |    32 ||    50
       Paralysed         |       |       |       |       |       |     2 |    12 |       |     1 ||    15
  Eat: Chunk             |       |     5 |    12 |    10 |    29 |    50 |    37 |    25 |    15 ||   183
       Ration            |       |       |     2 |     4 |     4 |    17 |     8 |       |    18 ||    53
Armor: Leather armour    |     6 |    22 |     5 |       |       |       |       |       |       ||    33
       Ring mail         |       |       |    77 |    62 |   298 |   204 |    26 |       |       ||   667
       Skin              |       |       |       |       |       |   486 |   377 |       |    14 ||   877
       Pearl dragon scal |       |       |       |       |       |       |    90 |   124 |   357 ||   571
Dodge: Dodged            |    32 |    93 |   183 |   153 |   972 |  1937 |  1394 |   314 |   976 ||  6054
       Deflected         |       |       |       |       |       |       |       |    18 |   117 ||   135
Block: Large shield      |       |       |       |       |       |       |   574 |   804 |  2110 ||  3488
